 Dungeon Crawl Stone Soup version 0.27.1-2-g3b301248ec (webtiles) character file.

Game seed: 13541520227979132727

37 Descartes the Sneak (level 3, -2/18 HPs)
             Began as a Spriggan Wanderer on Oct 2, 2021.
             Killed by nerve-wracking pain
             ... invoked by Jessica
              (13 damage)
             ... on level 2 of the Dungeon.
             The game lasted 00:02:34 (1939 turns).

Descartes the Sneak (Spriggan Wanderer)             Turns: 1939, Time: 00:02:35

Health: -2/18      AC:  6    Str: 14    XL:     3   Next: 21%
Magic:  6/6        EV: 17    Int: 16    God:
Gold:   18         SH:  0    Dex: 12    Spells: 4/4 levels left

rFire    . . .     SeeInvis +   a - +0 dagger
rCold    . . .     Faith    .   (shield restricted)
rNeg     . . .     Spirit   .   e - +0 robe
rPois    .         Reflect  .   (helmet restricted)
rElec    .         Harm     .   (no cloak)
rCorr    .         Rampage  .   (gloves unavailable)
Will     .....                  (boots unavailable)
Stlth    ++........             (no amulet)
HPRegen  0.06/turn              j - +6 ring of strength
MPRegen  0.10/turn              l - +4 ring of protection

@: very quick
A: very small, no large weapons, unfitting armour, see invisible, speed 3
a: no special abilities


You were on level 2 of the Dungeon.
You visited 1 branch of the dungeon, and saw 2 of its levels.

You collected 18 gold pieces.

Inventory:

Hand Weapons
 a - a +0 dagger (weapon)
Missiles
 b - 2 throwing nets (quivered)
 i - 21 arrows
 m - 19 stones
Armour
 e - a +0 robe (worn)
Jewellery
 g - a ring of flight
 j - a +6 ring of strength (left hand)
 l - a +4 ring of protection (right hand)
Scrolls
 f - 2 scrolls of fear {unknown}
 h - a scroll of enchant armour {unknown}
 k - a scroll of noise {unknown}
Potions
 c - a potion of curing
Miscellaneous
 d - a piece from Xom's chessboard (15/15)


   Skills:
 - Level 1.6 Fighting
 + Level 2.1 Short Blades
 + Level 2.6 Dodging
 + Level 4.0 Stealth
 - Level 1.3 Spellcasting
 - Level 1.2 Hexes
 - Level 1.0 Ice Magic
 - Level 1.3 Evocations


You had 4 spell levels left.
You didn't know any spells.
Your spell library was empty.

Dungeon Overview and Level Annotations

Branches:
Dungeon (2/15)

Altars:

Shops:
D:2 *[!

Annotations:
D:2 Jessica


Innate Abilities, Weirdness & Mutations

You are very small and have problems with some larger weapons.
You are too small for most types of armour.
You have supernaturally acute eyesight. (SInv)
You cover ground extremely quickly. (Speed+++)


Message History

Jessica is lightly wounded.
Jessica hits you but does no damage.
You barely miss Jessica.
Jessica is lightly wounded.
Jessica hits you with a +0 dagger.
You hit Jessica but do no damage.
Jessica is lightly wounded.
Jessica casts a spell at you.
You struggle to resist.
You hit Jessica.
Jessica is heavily wounded.
Jessica points at you and mumbles some strange words.
Pain shoots through your body!
You barely miss Jessica.
Jessica is heavily wounded.
The rat bites you but does no damage. Jessica completely misses you.
You closely miss Jessica.
Jessica is heavily wounded.
The rat barely misses you.
Jessica casts a spell.
Jessica seems to speed up.
You hit Jessica but do no damage.
Jessica is heavily wounded.
Jessica hits you but does no damage. The rat misses you.
You hit Jessica.
Jessica is heavily wounded.
Jessica hits you but does no damage. The rat completely misses you.
You closely miss Jessica.
Jessica is heavily wounded.
Jessica barely misses you. The rat bites you but does no damage.
Jessica misses you.
You hit Jessica.
Jessica is severely wounded.
Jessica closely misses you. The rat closely misses you.
You barely miss Jessica.
Jessica is severely wounded.
Jessica points at you and mumbles some strange words.
Pain shoots through your body!
Ouch! That really hurt!
You die...

.... #..........##>.
.......##..........##..
##......##.......)..##..
.........#..............
.........#..........##..
.........#).......∩.##..
............#####.####..
...........8#####.####..
......r@...............#
......@....∩...........#
.......................#
..####.....<...........#
. #.................#
.......8...........#
##..................#
#.#.#..............#
#.#.#..........


You could see Jessica (fast) and a rat.

Vanquished Creatures
  An adder (D:2)
  A worm (D:2)
  2 endoplasms (D:1)
  3 goblins (D:1)
  A hobgoblin (D:1)
  4 jackals (D:1)
  A quokka (D:1)
  5 ball pythons (D:1)
  A bat (D:1)
  2 frilled lizards (D:1)
  A kobold (D:2)
  3 rats (D:1)
25 creatures vanquished.

Notes
Turn   | Place    | Note
-------+----------+-------------------------------------------
     0 | D:1      | Descartes the Spriggan Wanderer began the quest for the
                  | Orb.
     0 | D:1      | Descartes set off with the following items: a +0 dagger, 2
                  | throwing nets, a potion of curing, a piece from Xom's
                  | chessboard (15/15), a +0 robe
     0 | D:1      | Reached XP level 1. HP: 10/10 MP: 3/3
   501 | D:1      | Reached XP level 2. HP: 14/14 MP: 5/5
  1561 | D:2      | Noticed Jessica
  1561 | D:2      | Found Corruos's Assorted Antiques.
  1792 | D:2      | Reached skill level 4 in Stealth
  1792 | D:2      | Reached XP level 3. HP: 18/18 MP: 6/6
  1809 | D:2      | Found Susmorch's Armour Boutique.
  1810 | D:2      | Found Tessiejo's Distillery.
  1939 | D:2      | Killed from afar by Jessica

Illustrated notes

Levels and vault maps discovered:
D:1:      roderic_octagonal_star, layout_rooms, corner_web_ring, st_stairs_4,
          minmay_misc_feat_plants, minmay_misc_feat_more_columns
D:2:      layout_basic, shapermc_ecumenical_altar_ellora, basic_altar,
          serial_shops, nicolae_shop_behind_doors, shop, shop_statue,
          nicolae_shop_crystal, minmay_misc_feat_hallway,
          minmay_fractal_squares_5, uniq_jessica, uniq_robin, uniq_natasha

Skill      XL: |  1  2 |
---------------+-------+-----
Dodging        | 2 |  2.6
Short Blades   | 2 |  2.1
Stealth        | 4 |  4.0
Fighting       | |  1.6
Spellcasting   | |  1.3
Hexes          | |  1.2
Ice Magic      | |  1.0
Evocations     | |  1.3

Action                   || total
-------------------------++-------
Melee: Dagger            ||   156
 Stab: Sleeping          ||     7
Armor: Robe              ||    36
Dodge: Dodged            ||   127
